 Dungeon Crawl Stone Soup version 0.18.0-1-g0107ab7 (webtiles) character file.

1008 Chiseanne the Magician (level 8, 52/52 HPs)
             Began as a Demonspawn Wizard on May 5, 2016.
             Quit the game on level 5 of the Dungeon.
             The game lasted 00:13:45 (5091 turns).

Chiseanne the Magician (Demonspawn Wizard)          Turns: 5091, Time: 00:13:45

Health: 52/52      AC: 10    Str:  8    XL:     8   Next: 1%
Magic:  17/25      EV: 14    Int: 26    God:
Gold:   383        SH:  0    Dex: 11    Spells: 5 memorised, 7 levels left

rFire  + . .     SeeInvis .     a - +2 spear (venom)
rCold  . . .     Gourm    .     p - +1 leather armour {rF+}
rNeg   . . .     Faith    .     (no shield)
rPois  .         Spirit   .     k - +2 hat
rElec  .         Dismiss  .     B - +2 cloak {MR+}
rCorr  .         Reflect  .     (no gloves)
SustAt .         Harm     .     y - +0 pair of boots
MR     +....                    (no amulet)
Stlth  +.........               A - +4 ring of intelligence
                                j - ring of magical power

@: repel missiles, somewhat resistant to hostile enchantments, very unstealthy
A: hooves 1, repulsion field 1, foul stench 2, rot immunity
a: no special abilities


You were on level 5 of the Dungeon.
You were not hungry.

You visited 1 branch of the dungeon, and saw 5 of its levels.

You collected 383 gold pieces.

Inventory:

Hand Weapons
 a - a +2 spear of venom (weapon)
 r - a +0 hunting sling
 s - a +4 hand axe
Missiles
 b - 113 stones (quivered)
 e - 70 sling bullets
 g - 28 bolts
 i - 4 steel tomahawks
 v - 3 tomahawks
 z - 6 javelins
 C - 68 arrows
 D - 3 needles of frenzy
 E - 22 poisoned needles
Armour
 k - a +2 hat (worn)
 p - a +1 leather armour of fire resistance (worn)
 y - a +0 pair of boots (worn)
 B - a +2 cloak of magic resistance (worn)
Jewellery
 j - a ring of magical power (left hand)
 w - an uncursed ring of magical power
 A - a +4 ring of intelligence (right hand)
Scrolls
 m - a scroll of remove curse
 o - 2 scrolls of enchant armour
 t - a scroll of identify
 x - a scroll of magic mapping
Potions
 h - a potion of magic
 n - a potion of lignification
 F - a potion of ambrosia
 G - a potion of curing
Books
 c - a book of Minor Magic

   Spells                             Type                      Level
   a - Magic Dart                     Conjuration                  1
   b - Blink                          Translocation                2
   c - Call Imp                       Summoning                    2
   d - Repel Missiles                 Charms/Air                   2
   e - Slow                           Hexes                        2
   f - Conjure Flame                  Conjuration/Fire             3
   g - Mephitic Cloud                 Conjuration/Poison/Air       3
Comestibles
 d - 4 bread rations
 f - a beef jerky
 l - 5 fruits
 q - a royal jelly
 I - 2 meat rations


   Skills:
 * Level 3.0 Armour
 - Level 3.0 Dodging
 - Level 1.7 Stealth
 * Level 5.9 Spellcasting
 * Level 5.6 Conjurations
   Level 1.0 Summonings
 - Level 0.8 Translocations


You had 7 spell levels left.
You knew the following spells:

 Your Spells              Type           Power        Failure   Level  Hunger
a - Magic Dart            Conj           ####         1%          1    None
b - Blink                 Tloc           N/A          12%         2    None
c - Repel Missiles        Chrm/Air       #.....       17%         2    None
d - Mephitic Cloud        Conj/Pois/Air  ###.....     17%         3    None
e - Conjure Flame         Conj/Fire      ###.....     12%         3    None


Dungeon Overview and Level Annotations

Branches:
Dungeon (5/15)
 Temple: D:4-7

Altars:
Cheibriados
Pakellas
Ru
The Shining One


Innate Abilities, Weirdness & Mutations

You have large cloven feet.
You are surrounded by a mild repulsion field (EV +2).
You frequently emit foul miasma when damaged in melee.
You are immune to rotting.


Message History

Sigmund is almost dead.
Evoke which item? (* to show all) (? for menu, Esc to quit)
Attack whom?
Press: ? - help, Dir - move target cursor, f/p - Sigmund
Aim: Sigmund, wielding a scythe and wearing a robe (almost dead, poisoned, confused)
You reach to attack!
You catch the helpless Sigmund completely off-guard!
You hit Sigmund.
You kill Sigmund!
Your Armour skill increases to level 3!
You have reached level 8!
You feel stronger.
Your demonic ancestry asserts itself...
Your feet thicken and deform.
Autopickup is now off.
Autopickup is now on.
Unknown command.
Autopickup is now off.
Autopickup is now on.
Unknown command.
Are you sure you want to abandon this character and quit the game? (Confirm with "yes".)

............#.....
####...####..... #...#
###### ##.## ###.####
####......# ##
#<......#># #####
#...####.##.#..#.###....
#..)ยง@....#..........#
....###..##.##.#.###...#
# #..##.##.#.# #####
#..........#
#.###.###### ...# #.#
.....# #.. .#.#### ###.
... .#


There were no monsters in sight!

Vanquished Creatures
  Sigmund (D:5)
  2 centaurs
  A giant frog zombie (D:5)
  A hound (D:5)
  3 orc priests (D:3)
  A giant frog skeleton (D:4)
  6 orc wizards
  5 worker ants
  7 gnolls (D:3)
  5 adders
  2 oozes (D:1)
  4 worms
  A dart slug (D:1)
  4 giant geckos
  15 orcs
  2 ball pythons (D:3)
  5 giant cockroaches
  9 goblins
  6 hobgoblins
  14 jackals
  3 kobolds
  5 quokkas
  11 bats
  A giant gecko skeleton (D:4)
  A giant gecko zombie (D:5)
  5 giant newts
  A quokka skeleton (D:4)
  13 rats
134 creatures vanquished.

Notes
Turn   | Place    | Note
--------------------------------------------------------------
     0 | D:1      | Chiseanne the Demonspawn Wizard began the quest for the Orb.
     0 | D:1      | Reached XP level 1. HP: 13/13 MP: 4/4
   218 | D:1      | Gained mutation: You are immune to rotting. [demonic ancestry]
   218 | D:1      | Reached XP level 2. HP: 15/19 MP: 0/6
  1029 | D:1      | Gained mutation: You may emit foul miasma when damaged in melee. [demonic ancestry]
  1029 | D:1      | Reached XP level 3. HP: 21/24 MP: 7/7
  1422 | D:2      | Found a snail-covered altar of Cheibriados.
  1602 | D:2      | Found a sacrificial altar of Ru.
  1709 | D:2      | Gained mutation: You frequently emit foul miasma when damaged in melee. [demonic ancestry]
  1709 | D:2      | Reached XP level 4. HP: 30/30 MP: 5/9
  1884 | D:2      | Learned a level 2 spell: Blink
  1887 | D:2      | Learned a level 2 spell: Repel Missiles
  1891 | D:2      | Learned a level 3 spell: Mephitic Cloud
  1895 | D:2      | Learned a level 3 spell: Conjure Flame
  2589 | D:3      | Gained mutation: You are surrounded by a mild repulsion field (EV +2). [demonic ancestry]
  2589 | D:3      | Reached XP level 5. HP: 32/35 MP: 11/11
  3341 | D:3      | Reached XP level 6. HP: 34/41 MP: 13/13
  3440 | D:3      | Reached skill level 5 in Spellcasting
  3743 | D:3      | Found a glowing golden altar of the Shining One.
  3933 | D:4      | Reached skill level 1 in Armour
  4073 | D:4      | Reached XP level 7. HP: 26/46 MP: 8/14
  4507 | D:4      | Reached skill level 5 in Conjurations
  4736 | D:4      | Found an oddly glowing altar of Pakellas.
  4806 | D:5      | Entered Level 5 of the Dungeon
  5078 | D:5      | Noticed Sigmund
  5090 | D:5      | Killed Sigmund
  5090 | D:5      | Gained mutation: You have large cloven feet. [demonic ancestry]
  5090 | D:5      | Reached XP level 8. HP: 52/52 MP: 16/16
  5091 | D:5      | Quit the game

Skill      XL: |  1  2  3  4  5  6  7 |
---------------+----------------------+-----
Conjurations   | 2 3 4 5 |  5.6
Spellcasting   | 4 5 |  5.9
Dodging        | 2 3 |  3.0
Armour         | 1 3 |  3.0
Stealth        | |  1.7
Summonings     | |  1.0
Translocations | |  0.8

Action                   |  1- 3 |  4- 6 |  7- 9 || total
-------------------------+-------+-------+-------++-------
Melee: Club              |     5 |       |       ||     5
       Spear             |       |   103 |    21 ||   124
 Cast: Magic Dart        |   107 |   132 |    61 ||   300
       Mephitic Cloud    |       |     9 |     2 ||    11
       Conjure Flame     |       |     5 |     2 ||     7
       Repel Missiles    |       |     3 |     1 ||     4
       Blink             |       |     1 |       ||     1
  Use: Scroll            |     7 |     5 |     2 ||    14
       Potion            |       |     2 |       ||     2
 Stab: Confused          |       |     2 |     1 ||     3
       Sleeping          |       |     1 |       ||     1
  Eat: Chunk             |     2 |     8 |     4 ||    14
Armor: Robe              |    10 |    27 |       ||    37
       Leather armour    |       |     5 |    10 ||    15
Dodge: Dodged            |    22 |    85 |    20 ||   127
       Deflected         |       |     5 |       ||     5
